Map: Terraform LE (Void)

Players

Arionaard

  • Race: Terran Terran
  • League: Silver

SticklerMac - Winner!

  • Race: Zerg Zerg
  • League: Silver

VOD

Have the link to the VOD?

Description

Time

  • Played on: Sept. 20, 2015, 2:55 p.m.
  • Length: 17:34
Show
View Real Time Build Order
Export as new Build Order

Arionaard Terran 

Build Orders:  

Get SALT Encoding   

  12  0:02  SCV  
  13  0:14  SCV  
  14  0:19  Supply Depot  
  14  0:29  SCV  
  15  0:38  Refinery  
  15  0:41  SCV  
  16  0:47  Barracks  
  16  0:53  SCV  
  17  0:59  Supply Depot  
  17  1:06  SCV  
  18  1:14  Refinery  
  18  1:18  SCV  
  20  1:34  Orbital Command  
  20  1:36  Marine  
  20  1:44  Factory  
  20  1:56  Barracks Reactor  
  20  2:00  SCV  
  21  2:12  Barracks  
  21  2:14  SCV  
  22  2:27  SCV  
  22  2:29  Factory Reactor  
  23  2:33  Supply Depot  
  23  2:34  Marine x2  
  25  2:50  Starport  
  25  2:51  SCV  
  25  2:55  Marine x2  
  28  3:02  Supply Depot  
  28  3:03  Barracks Reactor, SCV  
  29  3:07  Widow Mine  
  29  3:08  Widow Mine  
  33  3:14  Marine  
  33  3:15  Marine  
  33  3:19  SCV  
  36  3:25  Supply Depot  
  36  3:28  Starport Reactor  
  36  3:32  Supply Depot  
  36  3:34  SCV  
  37  3:35  Marine  
  37  3:39  Marine  
  39  3:42  Widow Mine  
  39  3:46  Widow Mine  
  43  3:54  SCV  
  44  4:03  Marine x2  
  44  4:06  Medivac x2  
  50  4:11  SCV, Supply Depot  
  51  4:31  Supply Depot  
  51  4:35  Marine x3  
  51  4:36  Supply Depot  
  51  4:45  Marine  
  46  4:53  Marine  
  45  5:02  Marine x2  
  45  5:03  Marine  
  46  5:14  Widow Mine  
  46  5:16  Command Center  
  44  5:22  Marine  
  44  5:23  Marine  
  45  5:39  Marine x2  
  45  5:40  Marine  
  38  5:57  Marine  
  38  5:58  Marine  
  38  6:02  Marine x2  
  42  6:09  Viking  
  41  6:15  Marine  
  42  6:18  Supply Depot  
  42  6:20  Marine x2  
  44  6:29  Bunker  
  44  6:32  Marine  
  45  6:43  Medivac  
  45  6:44  Medivac  
  49  6:52  Marine  
  49  6:53  Marine x2  
  52  7:06  Engineering Bay  
  52  7:26  Marine x3  
  52  7:27  Marine  
  56  7:31  Widow Mine x2  
  60  7:39  Medivac  
  60  7:44  Marine  
  37  8:05  SCV  
  32  8:17  SCV  
  33  8:29  SCV  
  34  8:40  Barracks  
  34  8:41  SCV  
  34  8:44  Supply Depot  
  34  8:45  Barracks  
  34  8:46  Supply Depot  
  35  9:00  Hellion x2  
  34  9:31  SCV  
  34  9:36  Orbital Command  
  35  9:41  Hellion x2  
  35  9:43  SCV, Marine  
  35  9:45  Bunker  
  41  9:56  SCV  
  42  10:01  Marine  
  38  10:08  SCV  
  38  10:10  Hellion x2  
  38  10:14  SCV  
  43  10:19  Marine  
  43  10:20  SCV  
  45  10:26  SCV  
  46  10:30  Starport Tech Lab  
  46  10:31  Starport  
  46  10:32  SCV  
  46  10:34  Supply Depot  
  47  10:37  Marine  
  47  10:38  SCV  
  47  10:39  Hellion  
  51  10:48  SCV  
  52  10:50  SCV  
  52  10:54  Marine  
  54  10:59  Banshee  
  54  11:00  SCV, Cloaking Field  
  58  11:14  Starport Tech Lab  
  58  11:31  Supply Depot  
  58  11:36  Banshee  
  61  11:42  Starport  
  61  11:44  Missile Turret  
  61  11:47  Missile Turret  
  61  11:52  Missile Turret  
  61  11:53  SCV, Supply Depot  
  63  12:05  SCV, Banshee  
  54  12:50  Banshee x2  
  58  12:53  Orbital Command  
  58  13:05  Bunker  
  58  13:07  Hellion  
  53  13:25  SCV  
  53  13:28  Starport Tech Lab  
  53  13:37  SCV  
  53  13:38  Orbital Command  
  54  13:49  SCV  
  55  14:01  SCV  
  56  14:04  SCV  
  57  14:13  SCV  
  57  14:16  SCV  
  59  14:19  Missile Turret  
  59  14:28  SCV  
  52  14:40  SCV  
  52  14:42  Missile Turret  
  52  14:43  Missile Turret  
  52  14:44  Missile Turret  
  53  14:52  SCV  
  54  14:57  SCV  
  55  15:04  SCV, Refinery  
  56  15:09  SCV  
  56  15:13  Hellion  
  59  15:14  Refinery  
  59  15:44  Hellion x2  
  60  15:50  Factory  
  57  16:09  Hellion  
  59  16:13  Command Center  
  59  16:33  Starport  
  59  16:36  Hellion  
  61  16:40  Starport Reactor  
  61  16:51  Factory Reactor  
  61  16:55  SCV x2  
  50  17:07  SCV  
Show
View Real Time Build Order
Export as new Build Order

SticklerMac Zerg - Winner!

Build Orders: Hatch First, Zergling Baneling 

Get SALT Encoding   

  12  0:01  Drone  
  13  0:08  Drone  
  14  0:18  Overlord  
  14  0:36  Drone  
  14  0:37  Drone x2  
  17  0:55  Hatchery  
  16  0:57  Drone  
  17  1:08  Drone  
  17  1:10  Extractor  
  17  1:13  Drone  
  18  1:20  Spawning Pool  
  17  1:26  Drone  
  18  1:33  Drone  
  19  1:42  Drone  
  20  2:03  Overlord  
  20  2:09  Queen x2  
  20  2:11  Metabolic Boost  
  20  2:12  Drone  
  20  2:14  Zergling x2  
  26  2:18  Zergling x2  
  27  2:24  Zergling x2  
  27  2:29  Zergling x2  
  29  2:35  Drone  
  29  2:36  Baneling Nest  
  29  2:46  Zergling x4  
  31  2:52  Zergling x2  
  31  2:57  Zergling x2  
  33  3:00  Drone  
  34  3:07  Zergling x2  
  34  3:12  Zergling x2  
  36  3:22  Overlord x2  
  36  3:30  Overlord x3  
  36  3:47  Zergling x2  
  36  3:48  Zergling x10  
  42  3:50  Baneling x7  
  42  3:51  Baneling  
  42  3:53  Zergling x2  
  43  3:55  Zergling x2  
  43  3:57  Zergling x2  
  43  3:59  Drone  
  46  4:16  Baneling x3  
  42  4:17  Zergling x2  
  42  4:18  Zergling x8  
  46  4:29  Zergling x4  
  46  4:30  Zergling x2  
  39  4:44  Zergling x2  
  39  4:45  Zergling x12  
  42  4:48  Zergling x2  
  42  4:50  Zergling x2  
  39  5:12  Zergling x10  
  43  5:20  Zergling x2  
  39  5:35  Zergling x2  
  39  5:36  Zergling x4  
  37  5:43  Zergling x2  
  37  6:06  Zergling x2  
  37  6:07  Zergling x10  
  37  6:08  Zergling x12  
  48  6:16  Zergling x2  
  47  6:28  Zergling x2  
  47  6:29  Zergling x10  
  53  6:35  Drone  
  54  6:47  Hatchery  
  53  7:12  Zergling x2  
  53  7:13  Zergling x20  
  64  7:19  Baneling x4  
  64  7:20  Baneling x9  
  64  7:22  Baneling  
  64  7:23  Baneling x2  
  64  7:25  Baneling  
  64  7:27  Baneling  
  36  8:11  Zergling x24  
  36  8:12  Zergling x8  
  38  8:40  Zergling x2  
  38  8:41  Queen  
  41  8:42  Zergling x12  
  42  9:25  Queen  
  44  9:50  Lair  
  44  9:51  Drone x2  
  44  9:52  Drone x6  
  52  9:53  Drone x3  
  52  9:54  Drone  
  54  10:01  Baneling x3  
  54  10:02  Baneling  
  54  10:56  Drone x3  
  54  10:57  Drone x5  
  58  10:58  Drone x3  
  58  11:03  Roach Warren  
  64  11:30  Spire  
  62  11:59  Roach x3  
  62  12:00  Roach x2  
  72  12:03  Overlord x4  
  72  12:04  Overlord  
  70  12:59  Roach x10  
  70  13:00  Roach x8  
  106  13:10  Extractor x2  
  89  13:27  Extractor  
  82  13:48  Mutalisk  
  82  13:49  Mutalisk  
  86  14:10  Mutalisk  
  86  14:13  Mutalisk  
  90  14:34  Overseer  
  88  14:40  Mutalisk  
  88  14:43  Overseer  
  90  14:47  Zergling x12  
  90  14:48  Zergling x34  
  113  14:54  Overlord x4  
  113  14:55  Overlord  
  113  15:11  Queen  
  113  15:12  Hatchery  
  114  15:15  Mutalisk  
  114  15:16  Mutalisk  
  117  15:44  Hatchery  
  117  15:47  Queen  
  118  16:04  Mutalisk x2  
  118  16:05  Mutalisk  
  124  16:16  Mutalisk  
  126  16:23  Queen  
  128  16:35  Mutalisk  
  128  16:37  Zergling x14  
Tags
 
Add a new tag
Caveats
  • Supply blocks, unpowered buildings, or Contaminate may cause inaccurate times.
  • Supply counts are checked every 10 seconds.